 Dungeon Crawl Stone Soup version 0.24.1-8-ga250c9d538 (webtiles) character file.

Game seed: 14215501001847962989, levelgen mode: deterministic

106 Curus the Chopper (level 4, -1/39 HPs)
             Began as a Hill Orc Abyssal Knight on May 1, 2020.
             Was a Believer of Lugonu.
             Slain by a water moccasin (2 damage)
             ... on level 3 of the Dungeon.
             The game lasted 00:07:23 (1432 turns).

Curus the Chopper (Hill Orc Abyssal Knight)         Turns: 1432, Time: 00:07:24

Health: -1/39      AC:  8    Str: 13 (14) XL:     4   Next: 84%
Magic:  7/7        EV:  9    Int: 14      God:    Lugonu [**....]
Gold:   103        SH:  4    Dex: 11      Spells: 3/3 levels left

rFire    . . .     SeeInvis .   a - +1 hand axe
rCold    + . .     Gourm    .   (no shield)
rNeg     . . .     Faith    .   j - +1 scale mail {rPois}
rPois    +         Spirit   .   (no helmet)
rElec    .         Reflect  +   (no cloak)
rCorr    .         Harm     .   i - +0 pair of gloves
MR       .....                  (no boots)
Stlth    ..........             f - +4 amulet of reflection
HPRegen  0.13/turn              (no ring)
MPRegen  0.10/turn              (no ring)

@: lethally poisoned (-1 -> -13)
A: clever 1, cold resistance 1, deterioration 1
a: Depart the Abyss, Bend Space, Renounce Religion


You were on level 3 of the Dungeon.
You worshipped Lugonu.
Lugonu was pleased with you.
You were not hungry.

You visited 1 branch of the dungeon, and saw 3 of its levels.
You visited the Abyss 1 time.

You collected 103 gold pieces.

Inventory:

Hand Weapons
 a - a +1 hand axe (weapon)
Armour
 b - a +0 leather armour
 h - a +1 ring mail
 i - a +0 pair of gloves (worn)
 j - a +1 scale mail of poison resistance (worn)
Jewellery
 d - an uncursed amulet of magic regeneration
 e - an uncursed amulet of the gourmand
 f - a +4 amulet of reflection (around neck)
Wands
 g - a wand of paralysis (8)
Comestibles
 c - 7 rations


   Skills:
 - Level 3.6 Fighting
 + Level 4.9 Axes
 - Level 2.1 Armour
 - Level 0.7 Dodging
 + Level 4.8 Invocations


You had 3 spell levels left.
You didn't know any spells.
Your spell library was empty.

Dungeon Overview and Level Annotations

Branches:
Dungeon (3/15)

Altars:


Innate Abilities, Weirdness & Mutations

Your mind is acute. (Int +2)
Your flesh is cold resistant. (rC+)
Your body sometimes deteriorates upon taking damage.


Message History

The water moccasin is severely wounded.
The water moccasin bites you.
* * * LOW HITPOINT WARNING * * *
The water moccasin bites you.
* * * LOW HITPOINT WARNING * * *
You are lethally poisoned!
The water moccasin poisons you!
You miss the water moccasin.
The water moccasin is severely wounded.
* * * LOW HITPOINT WARNING * * *
You feel sick.
The water moccasin bites you but does no damage.
You miss the water moccasin.
The water moccasin is severely wounded.
You hit the goblin.
* * * LOW HITPOINT WARNING * * *
You feel sick.
The water moccasin bites you but does no damage.
The goblin hits you but does no damage. The water moccasin bites you.
You die...

##. .... ....
#.#########..#
.............#
......S@g...###.
########<.......
####.###. #


You could see a water moccasin and a goblin.

Vanquished Creatures
  Terence (D:2)
  3 adders (D:2)
  2 worms
  2 dart slugs (D:1)
  A leopard gecko (D:2)
  2 bats (D:1)
  5 goblins
  5 hobgoblins
  7 jackals
  A quokka (D:2)
  A ball python (D:1)
  4 frilled lizards
  5 kobolds
  7 rats
46 creatures vanquished.

Notes
Turn   | Place    | Note
-------+----------+-------------------------------------------
     0 | Abyss:1  | Curus the Hill Orc Abyssal Knight began the quest for the
                  | Orb.
     0 | Abyss:1  | Reached XP level 1. HP: 19/19 MP: 2/2
    41 | D:1      | Escaped the Abyss
   170 | D:1      | Reached XP level 2. HP: 25/26 MP: 4/4
   256 | D:1      | Reached ** piety under Lugonu
   430 | D:1      | Gained mutation: Your body sometimes deteriorates upon
                  | taking damage. [potion of mutation]
   430 | D:1      | Gained mutation: Your flesh is cold resistant. (rC+)
                  | [potion of mutation]
   430 | D:1      | Gained mutation: Your mind is acute. (Int +2) [potion of
                  | mutation]
   518 | D:1      | Reached XP level 3. HP: 28/31 MP: 5/5
   955 | D:2      | Reached XP level 4. HP: 39/39 MP: 5/7
  1241 | D:2      | Noticed Terence
  1252 | D:2      | Killed Terence
  1419 | D:3      | Noticed a water moccasin
  1432 | D:3      | HP: 1/39 [poisoned by a water moccasin]
  1432 | D:3      | Slain by a water moccasin

Levels and vault maps discovered:
D:1:      evilmike_arrival_run_for_it, layout_basic, minivault_4,
          amethyst_killhole, minmay_nonomino_d4
D:2:      layout_basic, minmay_misc_feat_rows, hangedman_decor_growths,
          uniq_terence
D:3:      layout_basic, lemuel_crystal_altar, grunt_qazlal_clouds

Skill      XL: |  1  2  3 |
---------------+----------+-----
Axes           | 3 4 |  4.9
Invocations    | 3 4 |  4.8
Fighting       | |  3.6
Armour         | |  2.1
Dodging        | |  0.7

Action                   |  1- 3 |  4- 6 || total
-------------------------+-------+-------++-------
Melee: Hand axe          |   103 |    55 ||   158
  Use: Potion            |     4 |       ||     4
       Scroll            |     4 |       ||     4
  Eat: Chunk             |       |     2 ||     2
Armor: Leather armour    |    18 |       ||    18
       Ring mail         |    24 |    10 ||    34
       Scale mail        |       |     5 ||     5
Dodge: Dodged            |    54 |    21 ||    75
Block: Other             |     3 |     9 ||    12
